 Dungeon Crawl Stone Soup version 0.31-a0-1161-g593ecc8 (webtiles) character file.

Game seed: 4861339159616195717

1903691 Kearsarge the Phalangite (level 26, 224/224 HPs)
             Began as a Merfolk Fighter on Dec 8, 2023.
             Was an Initiate of Gozag.
             Escaped with the Orb
             ... and 3 runes!
             The game lasted 01:17:08 (51027 turns).

Kearsarge the Phalangite (Merfolk Fighter)         Turns: 51027, Time: 01:17:09

Health: 224/224    AC: 43    Str: 37    XL:     26   Next: 0%
Magic:  23/23      EV: 17    Int: 10    God:    Gozag
Gold:   1812       SH: 26    Dex: 19    Spells: 25/25 levels left

rFire   + + +        U - +9 demon trident (freeze)
rCold   + + .        Z - +3 kite shield {rN+}
rNeg    + + +        W - +9 crystal plate armour of Forking Paths {Dex+5}
rPois   +            K - -2 helmet of Erouhoa {rElec rC++ Str+3 Dex-2}
rElec   +            J - scarf {rC+ rF+}
rCorr   .            c - +2 pair of gloves "Riemmom" {rC- Will+++ Regen+ Str+2}
SInv    +            x - +0 pair of boots of Leaves {rN+ Int-2 Dex+2}
Will    ++++.        a - amulet of reflection Stlth
                     z - ring of Heubith {Drain rF+++ Str+6 SInv}
HPRegen 1.37/turn    p - ring of Uvaak {rPois rN+ AC+4 Int+3}
MPRegen 0.18/turn

%: reflection
@: studying 5 skills
A: (nimble swimmer 2), mertail, subdued magic 1
0: Orb of Zot
}: 3/15 runes: barnacled, silver, gossamer
a: Renounce Religion, Potion Petition, Call Merchant, Bribe Branch


You escaped.
You worshipped Gozag.
Gozag was most pleased with you.
You visited 10 branches of the dungeon, and saw 48 of its levels.
You visited 2 bazaars.
You visited 1 ziggurat, and saw 5 of its levels.
You also visited: Wizlab.

You collected 25478 gold pieces.
You spent 9622 gold pieces at shops.
You paid 14044 gold pieces to Gozag.

Inventory:

Hand Weapons
 r - the +8 longbow "Zephyr" {speed, Dex+3 SInv}
   (You took it off a merfolk on level 2 of the Shoals)

   Dex+3:     It affects your dexterity (+3).
   SInv:      It lets you see invisible.
 Q - the +5 Lochaber axe {reach-cleave, Poleaxe Drain}
   (You bought it in a shop on level 11 of the Dungeon)

   Poleaxe:   It uses either Axes or Polearms skill, whichever is higher.
   Drain:     It drains your maximum health when unequipped.
 U - a +9 demon trident of freezing (weapon)
Missiles
 H - 4 throwing nets
Armour
 c - the +2 pair of gloves "Riemmom" (worn) {rC- Will+++ Regen+ Str+2}
   (You acquired it on level 1 of the Depths)

   Str+2:     It affects your strength (+2).
   rC-:       It makes you vulnerable to cold.
   Will+++:   It greatly increases your willpower.
   Regen+:    It increases your rate of health regeneration.
 x - the +0 pair of boots of Leaves (worn) {rN+ Int-2 Dex+2}
   (You bought it in a shop in a bazaar)

   Int-2:     It affects your intelligence (-2).
   Dex+2:     It affects your dexterity (+2).
   rN+:       It protects you from negative energy.
 J - a scarf of resistance (worn)
 K - the -2 helmet of Erouhoa (worn) {rElec rC++ Str+3 Dex-2}
   (You found it on level 10 of the Dungeon)

   Str+3:     It affects your strength (+3).
   Dex-2:     It affects your dexterity (-2).
   rC++:      It greatly protects you from cold.
   rElec:     It insulates you from electricity.
 W - the +9 crystal plate armour of Forking Paths (worn) {Dex+5}
   (You bought it in a shop on level 13 of the Dungeon)

   Dex+5:     It affects your dexterity (+5).
 Z - a +3 kite shield of positive energy (worn)
Jewellery
 a - an amulet of reflection (around neck)
 g - a +6 ring of strength
 h - a ring of willpower
 p - the ring of Uvaak (right hand) {rPois rN+ AC+4 Int+3}
   (You found it on level 6 of the Dungeon)

   [ring of protection]

   AC+4:      It affects your AC (+4).
   Int+3:     It affects your intelligence (+3).
   rPois:     It protects you from poison rN+: It protects you from negative
   energy.
 y - a ring of positive energy
 z - the ring of Heubith (left hand) {Drain rF+++ Str+6 SInv}
   (You found it on level 7 of the Dungeon)

   [ring of strength]

   Str+6:     It affects your strength (+6).
   rF+++:     It renders you almost immune to fire.
   SInv:      It lets you see invisible.
   Drain:     It drains your maximum health when unequipped.
 P - an amulet of the acrobat
 R - the ring "Vasmojas" {rPois EV+5}
   (You took it off a deep elf high priest on level 2 of the Realm of Zot)

   [ring of evasion]

   EV+5:      It affects your evasion (+5).
   rPois:     It protects you from poison
 X - the ring "Dof Hech" {Will+++ rCorr Int-3 Slay+5}
   (You found it on level 5 of the Lair of Beasts)

   [ring of resist corrosion]

   Int-3:     It affects your intelligence (-3).
   Slay+5:    It affects your accuracy & damage with ranged weapons and melee
   (+5).
   Will+++:   It greatly increases your willpower.
   rCorr:     It protects you from acid and corrosion.
 Y - a +6 ring of dexterity
Wands
 f - a wand of light (7)
 s - a wand of mindburst (16)
 C - a wand of flame (68)
 D - a wand of polymorph (37)
 F - a wand of digging (17)
 I - a wand of paralysis (32)
Scrolls
 d - 17 scrolls of teleportation
 q - 6 scrolls of immolation
 u - 2 scrolls of fear
 w - 5 scrolls of vulnerability
 G - 2 scrolls of silence
 L - 7 scrolls of fog
 N - 2 scrolls of blinking
 S - 8 scrolls of poison
Potions
 b - 7 potions of mutation
 e - 8 potions of invisibility
 i - 5 potions of might
 j - 7 potions of cancellation
 k - 4 potions of heal wounds
 l - 5 potions of attraction
 m - 7 potions of berserk rage
 n - 4 potions of haste
 o - 8 potions of brilliance
 t - 13 potions of enlightenment
 v - 6 potions of magic
 B - 5 potions of resistance
 M - 8 potions of lignification
 O - 7 potions of ambrosia
 T - 14 potions of curing
Miscellaneous
 A - a lightning rod (4/4)
 E - a condenser vane
 V - a phantom mirror


   Skills:
 - Level 22.0 Fighting
 - Level 26.2 Polearms
 + Level 17.4 Armour
 - Level 17.2 Dodging
 - Level 25.6 Shields


You had 25 spell levels left.
You didn't know any spells.
Your spell library contained the following spells:

 Spells                   Type           Power      Damage    Failure   Level
 Apportation              Tloc           0%         N/A       96%         1
 Foxfire                  Conj/Fire      0%         2x1d4     96%         1
 Freeze                   Ice            0%         1d3       96%         1
 Kiss of Death            Conj/Necr      0%         2d5       96%         1
 Magic Dart               Conj           0%         1d3       96%         1
 Necrotise                Necr           0%         1d4       96%         1
 Sandblast                Erth           0%         2d4       96%         1
 Slow                     Hex            0%         N/A       96%         1
 Sting                    Tmut/Pois      0%         1d3       96%         1
 Summon Small Mammal      Summ           0%         N/A       96%         1
 Blink                    Tloc           0%         N/A       99%         2
 Call Imp                 Summ           0%         N/A       99%         2
 Cigotuvi's Dreadful Rot  Necr/Pois/Air  0%         N/A       99%         2
 Ensorcelled Hibernation  Hex/Ice        0%         N/A       99%         2
 Jinxbite                 Hex            0%         N/A       99%         2
 Lesser Beckoning         Tloc           0%         N/A       99%         2
 Momentum Strike          Conj/Tloc      0%         3d8       99%         2
 Passwall                 Tmut/Erth      0%         N/A       99%         2
 Poisonous Vapours        Pois/Air       0%         N/A       99%         2
 Sublimation of Blood     Necr           0%         N/A       99%         2
 Wereblood                Tmut           0%         N/A       99%         2
 Call Canine Familiar     Summ           0%         N/A       100%        3
 Confusing Touch          Hex            0%         N/A       100%        3
 Frozen Ramparts          Ice            0%         1d1       100%        3
 Gell's Gravitas          Tloc           0%         N/A       100%        3
 Hailstorm                Conj/Ice       0%         3d5       100%        3
 Ignite Poison            Fire/Tmut/Pois 0%         N/A       100%        3
 Mephitic Cloud           Conj/Pois/Air  0%         N/A       100%        3
 Ozocubu's Armour         Ice            0%         N/A       100%        3
 Sigil of Binding         Hex            0%         N/A       100%        3
 Stone Arrow              Conj/Erth      0%         3d7       100%        3
 Summon Guardian Golem    Hex/Summ       0%         N/A       100%        3
 Teleport Other           Tloc           0%         N/A       100%        3
 Tukima's Dance           Hex            0%         N/A       100%        3
 Vampiric Draining        Necr           0%         2d6       100%        3
 Anguish                  Hex/Necr       0%         N/A       100%        4
 Animate Armour           Summ/Erth      0%         N/A       100%        4
 Brom's Barrelling Bould  Conj/Erth      0%         2d3       100%        4
 Cause Fear               Hex            0%         N/A       100%        4
 Dimensional Bullseye     Hex/Tloc       0%         N/A       100%        4
 Dispel Undead            Necr           0%         3d6       100%        4
 Leda's Liquefaction      Hex/Erth       0%         N/A       100%        4
 Manifold Assault         Tloc           0%         N/A       100%        4
 Olgreb's Toxic Radiance  Pois           0%         N/A       100%        4
 Passage of Golubria      Tloc           0%         N/A       100%        4
 Petrify                  Tmut/Erth      0%         N/A       100%        4
 Sticky Flame             Conj/Fire      0%         2d3       100%        4
 Vhi's Electric Charge    Tloc/Air       0%         N/A       100%        4
 Agony                    Necr           0%         N/A       100%        5
 Alistair's Intoxication  Tmut/Pois      0%         N/A       100%        5
 Fireball                 Conj/Fire      0%         3d3       100%        5
 Freezing Cloud           Conj/Ice/Air   0%         6-21      100%        5
 Irradiate                Conj/Tmut      0%         3d11      100%        5
 Iskenderun's Battlesphe  Conj           0%         2d6       100%        5
 Metabolic Englaciation   Hex/Ice        0%         N/A       100%        5
 Summon Forest            Summ/Tloc      0%         N/A       100%        5
 Yara's Violent Unravell  Hex/Tmut       0%         3d3       100%        5
 Bombard                  Conj/Erth      0%         9d1       100%        6
 Conjure Ball Lightning   Conj/Air       0%         3x3d6     100%        6
 Dispersal                Tloc           0%         N/A       100%        6
 Eringya's Noxious Bog    Tmut/Pois      0%         4d6       100%        6
 Plasma Beam              Fire/Air       0%         2x1d10    100%        6
 Starburst                Conj/Fire      0%         6d3       100%        6
 Enfeeble                 Hex            0%         N/A       100%        7
 Orb of Destruction       Conj           0%         9d5       100%        7
 Spellforged Servitor     Conj/Summ      0%         N/A       100%        7
 Summon Hydra             Summ           0%         N/A       100%        7
 Disjunction              Tloc           0%         N/A       100%        8
 Ignition                 Fire           0%         3d3       100%        8
 Dragon's Call            Summ           0%         N/A       100%        9
 Simulacrum               Ice/Necr       Unusable   N/A       N/A         6

Dungeon Overview and Level Annotations

Branches:
Dungeon (15/15)            Temple (1/1) D:7            Lair (5/5) D:11
 Shoals (4/4) Lair:3       Spider (4/4) Lair:3        Slime (0/5) Lair:5
    Orc (2/2) D:12            Elf (3/3) Orc:2        Vaults (5/5) D:14
  Crypt (0/3) Vaults:3     Depths (4/4) D:15            Zot (5/5) Depths:4
 WizLab (visited)

Altars:
Ashenzari
Cheibriados
Dithmenos
Elyvilon
Fedhas
Gozag
Hepliaklqana
Kikubaaqudgha
Makhleb
Nemelex Xobeh
Okawaru
Qazlal
Ru
Sif Muna
Trog
Uskayaw
Vehumet
Wu Jian
Xom
Yredelemnul
Zin
The Shining One

Shops:
D:6 [   D:9 [   D:11 ?(([   D:13 ([   Orc:1 *(:(   Orc:2 ([[:   Shoals:2 *
Shoals:4 (=(:   Spider:1 ?   Vaults:1 [?   Depths:1 ?   Depths:2 *

Portals:
Hell: Depths:2 Depths:4

Annotations:
D:11 1 runed translucent door, wqsa789's ghost, journeyman DEAE
D:14 4 transporters
Temple 2 transporters
Lair:5 exclusion: 3 oklob plants
Elf:1 1 runed translucent door, Taefomeze's ghost, adept DrNe
Elf:2 3 runed translucent doors


Innate Abilities, Weirdness & Mutations

((You are very nimble when in or above water. (Stealth+, EV+, Speed+++)))
Your lower body shifts to a powerful aquatic tail in water.
Your spells are a little easier to cast, but a little less powerful.


Message History

There is an open door here.
There is a stone staircase leading up, spattered with blood here.
You climb upwards.
There is a stone staircase leading down, spattered with blood here.
There is a stone staircase leading up here.
You climb upwards.
There is a stone staircase leading down here.
There is a stone staircase leading up here.
You climb upwards.
There is a stone staircase leading down here.
Things that are here:
a +0 hand axe; a +0 dagger
There is a stone staircase leading up here.
You climb upwards.
There is a stone staircase leading down here.
Aiming: Dig
Press: ? - help, Q - select action, (/) - cycle Shift-Dir - straight line A rock wall.
This square is covered in magical glow.
The rock shatters into small pieces.
Blink to where?
Press: ? - help, Q - select action, (/) - cycle Dir - move target
As you read the scroll of blinking, it crumbles to dust.
Aiming: Dig
Press: ? - help, Q - select action, (/) - cycle Shift-Dir - straight line A rock wall.
This square is covered in magical glow.
The rock shatters into small pieces.
Blink to where?
Press: ? - help, Q - select action, (/) - cycle Dir - move target
As you read the scroll of blinking, it crumbles to dust.
Aiming: Dig
Press: ? - help, Q - select action, (/) - cycle Shift-Dir - straight line You can't see that place. [a staircase leading out of the dungeon.]
The rock shatters into small pieces.
Blink to where?
Press: ? - help, Q - select action, (/) - cycle Dir - move target
As you read the scroll of blinking, it crumbles to dust.
You have escaped!

####### #.........#
###########.##....
#.........#.######
#.8.#####...#
#...#≈≈≈#.### #.#.#≈≈≈#.#
#.#.#S≈≈#.# ## #.#.#####.#
.###############@........#
§................#.#####.#
.###############.#.#S≈≈#.#
##### .# #.#.#≈≈≈#.#
##...♣ ##
#...#≈≈≈#.###..~♣♣
#.8.#####.....♣♣~~
#.........#..♣♣~~P
###########..♣~~PP
#......♣~~~P~


You could see 2 electric eels.

Vanquished Creatures
  3 ancient liches
  3 orbs of fire (Zot:5)
  2 juggernauts (Depths:4)
  A royal mummy (WizLab)
  2 Killer Klowns
  Xtahua (Vaults:3)
  Saint Roka (Vaults:3)
  2 curse toes
  3 caustic shrikes (Depths:4)
  9 golden dragons
  3 doom hounds (Zot:2)
  Arachne (Spider:2)
  An electric golem (Zot:3)
  9 Orb Guardians
  6 titans
  10 quicksilver dragons
  3 liches
  12 tentacled monstrosities
  A walking frostbound tome (Depths:4)
  2 deep elf blademasters (Elf:3)
  Grunn (Zot:2)
  An acid blob (Spider:3)
  2 deep elf master archers (Elf:3)
  Gastronok (D:8)
  Polyphemus (Shoals:4)
  9 sphinxes
  7 death cobs
  Kirke (Lair:3)
  6 shadow dragons
  12 storm dragons
  2 draconian monks
  10 tengu reavers
  Ilsuiw (Shoals:2)
  A balrug (Depths:2)
  8 fire giants
  A draconian scorcher (Zot:4)
  4 frost giants
  16 vault wardens
  8 deep elf sorcerers
  6 draconian knights
  5 ghost moths
  3 draconian stormcallers
  5 emperor scorpions
  A reaper (Depths:2)
  3 draconian shifters
  5 deep elf elementalists (Elf:3)
  2 spriggan defenders (Depths:4)
  A cacodemon (Depths:2)
  5 orc warlords
  4 draconian annihilators
  2 war gargoyles
  4 very ugly things
  4 broodmothers
  17 ironbound preservers
  5 stone giants
  8 green draconians
  3 quicksilver oozes (Vaults:2)
  An eleionoma (shapeshifter) (Depths:2)
  6 dire elephants
  3 ironbound thunderhulks
  8 deep elf demonologists
  2 lorocyprocas
  6 black draconians
  11 spark wasps
  3 red draconians
  7 white draconians
  6 deep elf annihilators (Elf:3)
  6 purple draconians
  5 yellow draconians
  2 green deaths
  2 blizzard demons (Depths:2)
  12 ettins
  9 merfolk javelineers
  3 crystal guardians
  5 merfolk impalers
  8 fire dragons
  3 mummy priests (WizLab)
  12 deep elf death magi
  A jiangshi (Vaults:3)
  An eidolon (Vaults:3)
  8 entropy weavers
  13 yaktaur captains
  6 deep elf high priests
  4 hydras
  A hell beast (D:6)
  4 jorogumos
  23 vault guards
  Erolcha (D:9)
  2 peacekeepers
  5 great orbs of eyes
  4 ice dragons
  5 ogre magi
  3 catoblepae
  3 merfolk avatars
  10 ironbound frosthearts
  A spriggan air mage (Depths:4)
  A satyr (Shoals:4)
  2 merfolk aquamancers (Shoals:4)
  11 centaur warriors
  A radroach (shapeshifter) (Vaults:5)
  7 boulder beetles
  A radroach (Spider:4)
  16 two-headed ogres
  3 alligator snapping turtles
  10 dancing weapons
  10 death yaks
  2 sphinx skeletons (Vaults:1)
  5 tengu warriors
  7 demonic crawlers
  7 deep troll earth magi
  A vampire mage (Zig:1)
  3 deep troll shamans
  A spriggan berserker (Depths:4)
  5 sun demons
  4 orc high priests (Orc:2)
  Urug (D:11)
  6 hell knights (Depths:4)
  4 skysharks
  Nergalle (Orc:1)
  3 soul eaters (Depths:2)
  5 sun moths
  6 deep elf knights
  7 sea snakes
  2 iron trolls
  6 skeletal warriors
  A storm dragon zombie (WizLab)
  6 pharaoh ants
  Lodul (D:13)
  19 orb spiders
  44 deep trolls
  5 steelbarb worms
  19 orc knights
  2 phantasmal warriors
  8 lindwurms
  An obsidian statue (Depths:2)
  6 deep elf archers
  2 glowing orange brains (Depths:4)
  23 harpies
  9 deep elf pyromancers
  6 necromancers
  20 ironbound convokers
  22 wolf spiders
  11 fauns
  16 deep elf zephyrmancers
  10 arcanists
  9 cyclopes
  11 orc sorcerers
  A fire giant zombie (Vaults:1)
  17 manticores
  18 ugly things
  2 frost giant zombies (WizLab)
  A manticore (shapeshifter) (Vaults:5)
  An oklob plant (Spider:3)
  24 moths of wrath
  5 merfolk sirens
  A fire giant skeleton (Zig:3)
  10 elephants
  5 kobold blastminers
  8 black mambas
  8 water nymphs
  An iron dragon skeleton (Zig:3)
  16 vault sentinels
  17 cane toads
  A smoke demon (Depths:2)
  5 torpor snails
  A frost giant skeleton (Vaults:1)
  A rust devil (Depths:2)
  2 yaktaur zombies
  2 human zombies (WizLab)
  An orange demon (Depths:2)
  A spriggan zombie (WizLab)
  28 yaktaurs
  10 komodo dragons
  11 rime drakes
  An efreet (D:14)
  5 freezing wraiths
  An unseen horror (D:13)
  5 guardian mummies
  2 tengu conjurers
  2 ice devils (Lair:5)
  16 trolls
  A troll (shapeshifter) (Elf:3)
  4 polar bears
  13 meliai
  3 tyrant leeches
  10 wind drakes
  32 merfolk
  Grinder (D:4)
  2 hellwings (Depths:2)
  Prince Ribbit (Lair:2)
  9 hornets
  30 tarantellas
  8 dream sheep
  35 slime creatures
  26 blink frogs
  7 snapping turtles
  33 jumping spiders
  26 culicivoras
  6 spriggans (Depths:4)
  4 air elementals (Elf:3)
  A centaur simulacrum (D:14)
  A ynoxinul (Depths:2)
  8 wyverns
  3 wraiths
  A shadow (D:11)
  A vampire (D:10)
  22 yaks
  2 fire elementals
  4 hogs (Lair:3)
  12 basilisks
  7 water elementals
  A chaos spawn (Depths:2)
  A neqoxec (Depths:2)
  Eustachio (D:4)
  39 redbacks
  An elf skeleton (Vaults:1)
  A swamp worm (shapeshifter) (Vaults:5)
  2 swamp worms (Lair:3)
  25 vampire mosquitoes
  2 glowing shapeshifter zombies (WizLab)
  A naga (shapeshifter) (Vaults:3)
  3 tengu zombies
  6 wargs
  A two-headed ogre zombie (D:10)
  Duvessa (D:4)
  8 acid dragons
  12 water moccasins
  A sky beast (D:7)
  7 ice beasts
  55 orc warriors
  22 ogres
  4 boggarts
  2 black bears
  10 centaurs
  15 wolves
  3 phantoms
  5 kobold brigands
  18 bullfrogs
  3 earth elementals
  3 gnoll sergeants
  5 scorpions
  A glowing shapeshifter simulacrum (Vaults:1)
  8 wights
  Dowan (D:4)
  6 killer bees (D:8)
  4 electric eels
  4 howler monkeys (D:9)
  5 crimson imps
  3 hounds
  A jelly (D:5)
  39 orc priests
  3 gnoll boudas
  4 sleepcaps
  2 iguanas
  34 orc wizards
  A brain worm zombie (WizLab)
  A mummy (Zig:3)
  2 adders
  21 gnolls
  2 white imps
  2 worms
  A dart slug (D:4)
  129 orcs
  4 bats
  8 endoplasms
  4 giant cockroaches
  9 goblins
  8 hobgoblins
  2 jackals (D:1)
  22 kobolds
  4 quokkas
  5 ball pythons
  3 frilled lizards
  2 goblin skeletons (D:6)
  A hobgoblin zombie (D:6)
  2 kobold skeletons (D:6)
  2 kobold zombies (D:6)
  2 orc skeletons (D:6)
  2 orc zombies (D:6)
  A rat (D:1)
2010 creatures vanquished.

Vanquished Creatures (collateral kills)
  3 ancient liches (Zot:5)
  A Killer Klown (Zot:5)
  An electric golem (Zot:5)
  Zenata (Vaults:3)
  8 Orb Guardians (Zot:5)
  A quicksilver dragon (Zot:1)
  A death cob (Zot:5)
  Donald (Shoals:1)
  A storm dragon (Zot:5)
  An ironbound thunderhulk (Vaults:3)
  A red draconian (Zot:5)
  3 dire elephants (Vaults:3)
  A purple draconian (Zot:5)
  A moth of wrath (Zot:5)
  A wind drake (Shoals:1)
26 creatures vanquished.

Vanquished Creatures (others)
  An ancient lich (Zot:5)
  2 Killer Klowns (Zot:5)
  A golden dragon (Zot:5)
  A tentacled monstrosity (Zot:5)
  8 Orb Guardians (Zot:5)
  2 death cobs (Zot:5)
  A storm dragon (Zot:5)
  A draconian monk (Zot:5)
  A draconian stormcaller (Zot:5)
  A green draconian (Zot:5)
  2 yellow draconians (Zot:5)
  A black draconian (Zot:5)
  A purple draconian (Zot:5)
  An entropy weaver (Spider:4)
  A radroach (Spider:4)
  A deep elf pyromancer (Elf:3)
  A deep elf zephyrmancer (Elf:1)
  3 moths of wrath (Zot:5)
  A ynoxinul (Depths:2)
31 creatures vanquished.

Grand Total: 2067 creatures vanquished

Notes
Turn   | Place    | Note
-------+----------+-------------------------------------------
     0 | D:1      | Kearsarge the Merfolk Fighter began the quest for the Orb.
     0 | D:1      | Reached XP level 1. HP: 18/18 MP: 1/1
     3 | D:1      | Noticed an electric eel
     4 | D:1      | Noticed an electric eel
   138 | D:1      | Reached skill level 3 in Polearms
   152 | D:1      | Reached XP level 2. HP: 19/24 MP: 2/2
   494 | D:1      | Reached skill level 4 in Polearms
   494 | D:1      | Reached XP level 3. HP: 26/30 MP: 3/3
  1108 | D:2      | Found a faded altar of an unknown god.
  1347 | D:3      | Reached XP level 4. HP: 36/37 MP: 4/4
  1638 | D:2      | Reached skill level 5 in Polearms
  1869 | D:3      | Reached XP level 5. HP: 39/43 MP: 5/5
  2191 | D:4      | Reached skill level 6 in Polearms
  2224 | D:5      | Entered Level 5 of the Dungeon
  2374 | D:5      | Identified the +5 scale mail of the Cricket {rPois rC+
                  | Int-3}
  2395 | D:5      | Reached skill level 5 in Fighting
  2395 | D:5      | Reached XP level 6. HP: 50/51 MP: 6/6
  2417 | D:5      | Reached skill level 7 in Polearms
  2662 | D:4      | Reached skill level 8 in Polearms
  2662 | D:4      | Reached XP level 7. HP: 49/57 MP: 7/7
  2768 | D:4      | Noticed Grinder
  2774 | D:4      | Paralysed by Grinder for 2 turns
  2781 | D:4      | Killed Grinder
  2782 | D:4      | Reached skill level 9 in Polearms
  2991 | D:4      | Found a sparkling altar of Nemelex Xobeh.
  2995 | D:4      | Found a shadowy altar of Dithmenos.
  2995 | D:4      | Found a broken altar of Ashenzari.
  2995 | D:4      | Found an ancient bone altar of Kikubaaqudgha.
  3001 | D:4      | Found a hazy altar of Hepliaklqana.
  3001 | D:4      | Found an iron altar of Okawaru.
  3042 | D:4      | Reached XP level 8. HP: 62/65 MP: 8/8
  3114 | D:4      | Noticed Eustachio
  3131 | D:4      | Killed Eustachio
  3132 | D:4      | Reached skill level 10 in Polearms
  3312 | D:4      | Noticed Dowan
  3312 | D:4      | Noticed Duvessa
  3333 | D:4      | Killed Duvessa
  3334 | D:4      | Reached skill level 11 in Polearms
  3335 | D:4      | Killed Dowan
  3453 | D:5      | Identified a scroll of acquirement
  3456 | D:5      | Acquired a manual of Transmutations
  3519 | D:5      | Found an ornate altar of the Wu Jian Council.
  3692 | D:5      | Reached skill level 12 in Polearms
  3692 | D:5      | Reached XP level 9. HP: 52/74 MP: 9/9
  3924 | D:5      | Found a shimmering altar of Xom.
  4325 | D:6      | Found Vokix's Armour Boutique.
  4372 | D:6      | Identified the ring of Uvaak {rPois rN+ AC+4 Int+3}
  4411 | D:6      | Reached skill level 13 in Polearms
  4418 | D:6      | Found a glowing golden altar of the Shining One.
  4680 | D:6      | Noticed a two-headed ogre
  4688 | D:6      | Killed a two-headed ogre
  4689 | D:6      | Reached skill level 14 in Polearms
  4800 | D:6      | Reached XP level 10. HP: 75/83 MP: 10/10
  4936 | D:6      | Found a shimmering blue altar of Sif Muna.
  5205 | D:7      | Found a staircase to the Ecumenical Temple.
  5213 | Temple   | Found a transporter.
  5213 | Temple   | Found a transporter.
  5213 | Temple   | Found a transporter.
  5213 | Temple   | Found a transporter.
  5213 | Temple   | Entered the Ecumenical Temple
  5231 | Temple   | Became a worshipper of Gozag Ym Sagoz the Greedy
  5301 | D:7      | Reached skill level 15 in Polearms
  5355 | D:7      | Identified the +3 leather armour of Twilight {rC+ Int+2}
  5447 | D:7      | Identified the ring of Heubith {Drain rF+++ Str+6 SInv}
  5517 | D:7      | Found a basalt altar of Yredelemnul.
  5574 | D:7      | Found a blossoming altar of Fedhas.
  5763 | D:8      | Noticed a two-headed ogre
  5773 | D:8      | Killed a two-headed ogre
  5774 | D:8      | Reached skill level 10 in Fighting
  6129 | D:8      | Reached skill level 16 in Polearms
  6137 | D:8      | Found a glowing silver altar of Zin.
  6163 | D:8      | Noticed Gastronok
  6184 | D:8      | Killed Gastronok
  6463 | D:8      | Reached skill level 17 in Polearms
  6463 | D:8      | Reached XP level 11. HP: 86/93 MP: 11/11
  6929 | D:9      | Bought a pair of glowing gloves for 210 gold pieces
  7323 | D:9      | Reached skill level 18 in Polearms
  7524 | D:9      | Noticed Erolcha
  7820 | D:9      | Killed Erolcha
  8141 | D:10     | Entered Level 10 of the Dungeon
  8317 | D:10     | Noticed a two-headed ogre
  8327 | D:10     | Killed a two-headed ogre
  9055 | D:10     | Found a transporter.
  9107 | D:10     | Identified the +4 sling of Terra Nullius {freeze, rElec
                  | rCorr Dex+4}
  9466 | D:10     | Found a transporter.
  9509 | D:10     | Reached skill level 19 in Polearms
  9516 | D:10     | Identified the -2 helmet of Erouhoa {rElec rC++ Str+3
                  | Dex-2}
  9847 | D:11     | Noticed a two-headed ogre
  9867 | D:11     | Killed a two-headed ogre
 10025 | D:11     | Found a staircase to the Lair.
 10028 | D:11     | Reached XP level 12. HP: 103/103 MP: 12/12
 10049 | D:11     | Found Suocig's Armour Shop.
 10285 | D:11     | Found Nudust's Weapon Boutique.
 10376 | D:11     | Found Wutteali's Magic Scroll Shop.
 10462 | D:11     | Bought a scroll of identify for 20 gold pieces
 10462 | D:11     | Bought a scroll of teleportation for 30 gold pieces
 10462 | D:11     | Bought a scroll of blinking for 75 gold pieces
 10462 | D:11     | Bought a scroll of enchant armour for 75 gold pieces
 10462 | D:11     | Bought a scroll of enchant weapon for 75 gold pieces
 10478 | D:11     | Found a runed translucent door.
 10483 | D:11     | Noticed wqsa789's ghost (journeyman DEAE)
 10516 | D:11     | Found Yceesch's Antique Weapon Boutique.
 10735 | D:11     | Noticed Urug
 10744 | D:11     | Killed Urug
 10745 | D:11     | Reached skill level 20 in Polearms
 11182 | D:12     | Identified the +1 leather armour of Trumpets {rC+ Str+4
                  | Int+2}
 11213 | D:12     | Noticed a boulder beetle
 11231 | D:12     | Killed a boulder beetle
 11380 | D:12     | Found a staircase to the Orcish Mines.
 11866 | D:12     | Reached skill level 21 in Polearms
 12803 | D:11     | Bought the +5 Lochaber axe {reach-cleave, Poleaxe Drain}
                  | for 1203 gold pieces
 12803 | D:11     | Found the +5 Lochaber axe {reach-cleave, Poleaxe Drain}
 12850 | Lair:1   | Entered Level 1 of the Lair of Beasts
 12900 | Lair:1   | Identified the +1 mace of Toti Lot {heavy, Str+3 Int+5 SInv
                  | Stlth+}
 12975 | Lair:1   | Identified the +4 scale mail of the Sturgeon {+Blink rElec
                  | Dex-2}
 13025 | Lair:1   | Reached XP level 13. HP: 99/112 MP: 13/13
 13114 | Lair:1   | Reached skill level 22 in Polearms
 14079 | Lair:1   | Identified the ring of Geotaak {Fly Int+3}
 14237 | Lair:2   | Reached skill level 23 in Polearms
 14260 | Lair:2   | Noticed Prince Ribbit
 14268 | Lair:2   | Killed Prince Ribbit
 14588 | Lair:2   | Reached skill level 15 in Fighting
 15158 | Lair:3   | Reached XP level 14. HP: 103/123 MP: 14/14
 15168 | Lair:3   | Reached skill level 24 in Polearms
 15555 | Lair:3   | Noticed Kirke
 15571 | Lair:3   | Killed Kirke
 15722 | Lair:3   | Found a hole to the Spider Nest.
 15786 | Lair:3   | Reached skill level 25 in Polearms
 15888 | Lair:3   | Found a staircase to the Shoals.
 16081 | Lair:3   | Identified the +4 rapier of the Holding Genius {holy, rPois
                  | Will+ MP-9 Str+2}
 16882 | Lair:5   | Entered Level 5 of the Lair of Beasts
 17034 | Lair:5   | Found a staircase to the Slime Pits.
 17140 | Lair:5   | Found the +13 scythe of Curses {drain, curses, Drain}
 17180 | Lair:5   | Reached XP level 15. HP: 107/132 MP: 15/15
 17187 | Lair:5   | Reached skill level 26 in Polearms
 17293 | Lair:5   | Identified the ring "Ihuggu Vagax" {Int+6 SInv}
 17297 | Lair:5   | Identified the ring "Dof Hech" {Will+++ rCorr Int-3 Slay+5}
 18283 | D:14     | Found a transporter.
 18289 | D:14     | Found a transporter.
 18290 | D:14     | Found a transporter.
 18770 | D:13     | Noticed Lodul
 18776 | D:13     | Killed Lodul
 19006 | D:13     | Bought the +9 crystal plate armour of Forking Paths {Dex+5}
                  | for 1660 gold pieces
 19555 | D:14     | Found a gate to the Vaults.
 19739 | D:14     | Found a transporter.
 20411 | Shoals:1 | Entered Level 1 of the Shoals
 20433 | Shoals:1 | Reached skill level 1 in Dodging
 20601 | Shoals:1 | Noticed Donald
 20603 | Shoals:1 | Reached skill level 5 in Dodging
 20613 | Shoals:1 | Killed Donald
 21158 | Shoals:2 | Found Aheof's General Store.
 21183 | Shoals:2 | Bought a scroll of revelation for 112 gold pieces
 21183 | Shoals:2 | Bought a scroll of poison for 60 gold pieces
 21183 | Shoals:2 | Bought 2 scrolls of identify for 60 gold pieces
 21403 | Shoals:2 | Noticed Ilsuiw
 21408 | Shoals:2 | Killed Ilsuiw
 21963 | Shoals:2 | Reached XP level 16. HP: 145/145 MP: 16/16
 21969 | Shoals:2 | Reached skill level 10 in Dodging
 22901 | Shoals:4 | Entered Level 4 of the Shoals
 22901 | Shoals:4 | Found Lathim's Antique Weapon Shop.
 22905 | Shoals:4 | Found Koacw's Jewellery Shop.
 23154 | Shoals:4 | Found Synuit's Antique Armour Shop.
 23571 | Shoals:4 | Reached skill level 15 in Dodging
 23635 | Shoals:4 | Found Biemm's Antique Weapon Shoppe.
 23861 | Shoals:4 | Noticed Polyphemus
 23872 | Shoals:4 | Killed Polyphemus
 24310 | Shoals:4 | Found Qeguull's Self-Improvement Boutique.
 24376 | Shoals:4 | Reached XP level 17. HP: 151/151 MP: 17/17
 24446 | Shoals:4 | Reached skill level 5 in Shields
 24830 | Shoals:4 | Got a barnacled rune of Zot
 25060 | Spider:1 | Entered Level 1 of the Spider Nest
 25587 | Spider:1 | Bought a scroll of teleportation for 48 gold pieces
 25587 | Spider:1 | Bought a scroll of teleportation for 48 gold pieces
 25587 | Spider:1 | Bought a scroll of teleportation for 48 gold pieces
 26140 | Spider:1 | Reached skill level 10 in Shields
 27321 | Spider:2 | Reached XP level 18. HP: 151/158 MP: 18/18
 27531 | Spider:2 | Noticed Arachne
 27823 | Spider:2 | Killed Arachne
 28801 | Spider:3 | HP: 4/158 [tarantella (16)]
 30136 | Spider:4 | Entered Level 4 of the Spider Nest
 30374 | Spider:4 | Reached skill level 15 in Shields
 30893 | Spider:4 | Identified the +7 falchion of Kaum {drain, rCorr Int+5
                  | Stlth+}
 30981 | Spider:4 | Got the Quarto of Dislocation and Ceraunoscopy
 31139 | Spider:4 | Got a gossamer rune of Zot
 31141 | Spider:4 | Identified the orb of Yredelemnul's Envy {guile, Str+7
                  | Int-2 Dex-4}
 31466 | Orc:1    | Entered Level 1 of the Orcish Mines
 31739 | Orc:2    | Entered Level 2 of the Orcish Mines
 32353 | Orc:2    | Found Cyusil's Book Shop.
 32364 | Orc:2    | Reached XP level 19. HP: 161/162 MP: 19/19
 32384 | Orc:2    | Found Lonk's Distillery.
 32402 | Orc:2    | Bought a potion of haste for 140 gold pieces
 32402 | Orc:2    | Bought a potion of curing for 42 gold pieces
 32402 | Orc:2    | Bought a potion of curing for 42 gold pieces
 32402 | Orc:2    | Bought a potion of curing for 42 gold pieces
 32402 | Orc:2    | Bought a potion of cancellation for 112 gold pieces
 32402 | Orc:2    | Bought a potion of might for 56 gold pieces
 32402 | Orc:2    | Bought 2 potions of cancellation for 224 gold pieces
 32695 | Orc:1    | Noticed Nergalle
 32711 | Orc:1    | Killed Nergalle
 32765 | Orc:1    | Found Haf Wois's Book Boutique.
 32810 | Orc:1    | Found Uqom's Weapon Emporium.
 32874 | Orc:1    | Found Bara's Weapon Boutique.
 32962 | Orc:1    | Found Gayseast's General Store.
 32969 | Orc:1    | Bought a scroll of teleportation for 39 gold pieces
 32969 | Orc:1    | Bought a potion of berserk rage for 65 gold pieces
 33131 | Orc:2    | Found Aluin's Armour Boutique.
 33160 | Orc:2    | Bought a scarf of repulsion for 132 gold pieces
 33200 | Orc:2    | Found Jyamn's Weapon Shop.
 33457 | Orc:2    | Paralysed by an orc sorcerer for 2 turns
 33555 | Orc:2    | Found a staircase to the Elven Halls.
 33557 | Orc:2    | Bought a jewelled plate armour for 1120 gold pieces
 33557 | Orc:2    | Identified the +5 plate armour of the Forgotten Quests
                  | {-Tele rF+ MP+9 Str+9} (You bought it in a shop on level 2
                  | of the Orcish Mines)
 33560 | Orc:2    | Bought a shiny kite shield for 300 gold pieces
 33579 | Elf:1    | Entered Level 1 of the Elven Halls
 33656 | Elf:1    | Found a runed translucent door.
 33658 | Elf:1    | Noticed Taefomeze's ghost (adept DrNe)
 33735 | Elf:1    | Found a flickering gateway to a bazaar.
 33751 | Bazaar   | Entered a bazaar
 33758 | Bazaar   | Found Nicuy's Book Shop.
 33784 | Bazaar   | Found Wedaff's Jewellery Shop.
 34391 | Elf:2    | Found a runed translucent gate.
 34395 | Elf:2    | Found a runed translucent gate.
 34396 | Elf:2    | Found a runed translucent gate.
 34603 | Elf:2    | Identified the +2 quarterstaff of the Eternal Void {freeze,
                  | Int+5}
 34889 | Elf:3    | Entered Level 3 of the Elven Halls
 35042 | Elf:3    | Identified the amulet of Jafou {Acrobat rC++}
 35074 | Elf:3    | Reached XP level 20. HP: 172/172 MP: 20/20
 35169 | Elf:3    | Got the Directory of Viperous Quicksand
 35177 | Elf:3    | Identified the +7 spear "Kofucu Adoto" {heavy, rF+ rC+ rN+}
 35177 | Elf:3    | Identified the +3 leather armour of Grace {Str+4}
 35191 | Elf:3    | Paralysed by an air elemental for 1 turns
 35218 | Elf:3    | Identified the +2 leather armour of the Giraffatuar {rF+
                  | Will+}
 35247 | Elf:3    | Identified the +2 robe of Noon {*Corrode rC+++ Will-
                  | Archmagi}
 35257 | Elf:3    | Identified the +1 sling of Iconoclasm {antimagic, Str+4
                  | Dex+4 Stlth-}
 35272 | Elf:3    | Identified the +3 scale mail "Xamuvel" {Contam Will+ Str+8
                  | SInv}
 35407 | Elf:3    | Paralysed by an air elemental for 1 turns
 35476 | Elf:3    | Paralysed by an air elemental for 1 turns
 36181 | Vaults:1 | Entered Level 1 of the Vaults
 36455 | Vaults:1 | Bought a scroll of acquirement for 1040 gold pieces
 36475 | Vaults:1 | Acquired the +1 pair of gloves "Koten" {rElec Str+4}
 36502 | Vaults:1 | Found a magical portal.
 36525 | WizLab   | Entered Doroklohe's Tomb
 36710 | WizLab   | Noticed a royal mummy
 36726 | WizLab   | Killed a royal mummy
 37026 | WizLab   | Identified the +2 pair of gloves "Onoed" {rCorr Int+3
                  | Dex+3}
 37032 | WizLab   | Identified the +2 acid dragon scales of Jaisatoup {rCorr
                  | Slay+3}
 37070 | WizLab   | Identified the +1 robe "Vizuve" {Int+4}
 37183 | Vaults:1 | Identified the +4 long sword "Suulu" {heavy, *Corrode MP+9
                  | Str+4 Dex+3}
 37680 | Vaults:1 | Found Nokofiozy's Antique Armour Shoppe.
 37683 | Vaults:1 | Bought a crude cloak for 199 gold pieces
 37683 | Vaults:1 | Identified the +1 cloak of a sewer {Int+2} (You bought it
                  | in a shop on level 1 of the Vaults)
 38030 | Vaults:1 | Got Gicvih's Compendium of the Quantum Scorpion
 38033 | Vaults:1 | Got Bemixas's Elucidation of Congealing Putrescence
 38284 | Vaults:2 | Reached XP level 21. HP: 178/178 MP: 21/21
 38814 | Vaults:2 | Found a runed translucent door.
 39105 | Vaults:2 | Identified the +2 cloak of the Earth {Int+2}
 39974 | Vaults:3 | Identified the +5 spear of the Heart {flame, Stlth+}
 40084 | Vaults:3 | Noticed Zenata
 40092 | Vaults:3 | Killed Zenata
 40272 | Vaults:3 | Noticed Saint Roka
 40297 | Vaults:3 | Killed Saint Roka
 40527 | Vaults:3 | Found a staircase to the Crypt.
 40654 | Vaults:3 | Noticed Xtahua
 40678 | Vaults:3 | Killed Xtahua
 41009 | Vaults:4 | Reached XP level 22. HP: 185/185 MP: 22/22
 41279 | Vaults:4 | Found a flickering gateway to a bazaar.
 41284 | Bazaar   | Entered a bazaar
 41302 | Bazaar   | Found Gesoosch's Distillery.
 41310 | Bazaar   | Bought a potion of haste for 90 gold pieces
 41310 | Bazaar   | Bought a potion of cancellation for 72 gold pieces
 41310 | Bazaar   | Bought a potion of haste for 90 gold pieces
 41310 | Bazaar   | Bought a potion of cancellation for 72 gold pieces
 41310 | Bazaar   | Bought a potion of might for 36 gold pieces
 41316 | Bazaar   | Found Qeiv's General Store.
 41324 | Bazaar   | Bought a potion of might for 36 gold pieces
 41324 | Bazaar   | Bought a potion of invisibility for 72 gold pieces
 41324 | Bazaar   | Bought a scroll of fear for 36 gold pieces
 41344 | Bazaar   | Found Xyps's Magic Scroll Boutique.
 41352 | Bazaar   | Bought a scroll of fog for 36 gold pieces
 41352 | Bazaar   | Bought a scroll of revelation for 67 gold pieces
 41358 | Bazaar   | Found Tostraos's Antique Weapon Shop.
 41372 | Bazaar   | Found Geamol's Antique Armour Boutique.
 41380 | Bazaar   | Bought a pair of translucent boots for 294 gold pieces
 41380 | Bazaar   | Identified the +0 pair of boots of Leaves {rN+ Int-2 Dex+2}
                  | (You bought it in a shop in a bazaar)
 41397 | Bazaar   | Found Oponicot's Distillery.
 41405 | Bazaar   | Bought a potion of heal wounds for 80 gold pieces
 41405 | Bazaar   | Bought a potion of might for 64 gold pieces
 41405 | Bazaar   | Bought a potion of invisibility for 128 gold pieces
 41405 | Bazaar   | Bought a potion of heal wounds for 80 gold pieces
 42404 | Vaults:4 | Noticed a golden dragon
 42684 | Vaults:5 | Entered Level 5 of the Vaults
 42993 | Vaults:5 | Got a silver rune of Zot
 43041 | Vaults:5 | Noticed a golden dragon
 43081 | Vaults:5 | Killed a golden dragon
 43120 | Vaults:5 | Identified the +9 short sword "Gyqeismaqe" {spect, rC+
                  | Will- Int+2 SInv}
 43194 | Vaults:5 | Noticed a golden dragon
 43201 | Vaults:5 | Killed a golden dragon
 43204 | Vaults:5 | Noticed a golden dragon
 43206 | Vaults:5 | Noticed an ancient lich
 43242 | Vaults:5 | Killed an ancient lich
 43259 | Vaults:5 | Killed a golden dragon
 43483 | Vaults:5 | Reached XP level 23. HP: 199/202 MP: 23/23
 43490 | Vaults:5 | Noticed a golden dragon
 43510 | Vaults:5 | Killed a golden dragon
 44050 | Vaults:5 | Noticed an ancient lich
 44070 | Vaults:5 | Killed an ancient lich
 44150 | Vaults:5 | Reached skill level 5 in Armour
 44246 | Vaults:5 | Identified the +7 rapier of the Wary Seas {freeze, Dex+2}
 44593 | D:15     | Entered Level 15 of the Dungeon
 44677 | D:15     | Found a faded altar of an unknown god.
 45343 | D:15     | Found a staircase to the Depths.
 45376 | Depths:1 | Entered Level 1 of the Depths
 45595 | Depths:1 | Bought a scroll of acquirement for 1092 gold pieces
 45595 | Depths:1 | Acquired the +2 pair of gloves "Riemmom" {rC- Will+++
                  | Regen+ Str+2}
 45620 | Depths:2 | Found a one-way gateway to a ziggurat.
 45646 | Zig:1    | Entered Level 1 of a ziggurat
 45683 | Zig:2    | Entered Level 2 of a ziggurat
 45701 | Zig:3    | Entered Level 3 of a ziggurat
 45832 | Zig:4    | Entered Level 4 of a ziggurat
 45916 | Zig:5    | Entered Level 5 of a ziggurat
 45920 | Zig:5    | Noticed Quqauw the pandemonium lord
 45920 | Zig:5    | Noticed a Killer Klown
 45929 | Zig:5    | Identified the +0 chain mail of Neni {rPois rCorr Dex-4
                  | Stlth+}
 46106 | Depths:2 | Gained mutation: Your spells are a little easier to cast,
                  | but a little less powerful. [a neqoxec]
 46166 | Depths:2 | Found a gateway to Hell.
 46284 | Depths:2 | Found Itigax's General Store.
 46342 | Depths:4 | Entered Level 4 of the Depths
 46342 | Depths:4 | Noticed a juggernaut
 46355 | Depths:4 | Killed a juggernaut
 46505 | Depths:4 | Noticed a golden dragon
 46512 | Depths:4 | Killed a golden dragon
 46675 | Depths:4 | Identified the +0 leather armour "Meduid" {+Blink Will+}
 46752 | Depths:4 | Reached skill level 10 in Armour
 46755 | Depths:4 | Reached XP level 24. HP: 184/210 MP: 23/23
 46834 | Depths:4 | Noticed a juggernaut
 46855 | Depths:4 | Killed a juggernaut
 46863 | Depths:4 | Noticed a caustic shrike
 47037 | Depths:4 | Noticed a caustic shrike
 47043 | Depths:4 | Noticed a caustic shrike
 47051 | Depths:4 | Killed a caustic shrike
 47059 | Depths:4 | Killed a caustic shrike
 47062 | Depths:4 | Killed a caustic shrike
 47226 | Depths:4 | Found a gate to the Realm of Zot.
 47371 | Zot:1    | Entered Level 1 of the Realm of Zot
 47835 | Zot:1    | Noticed a Killer Klown
 47856 | Zot:1    | Killed a Killer Klown
 47965 | Zot:2    | Noticed Grunn
 47979 | Zot:2    | Killed Grunn
 48665 | Zot:2    | Noticed a curse toe
 48689 | Zot:2    | Killed a curse toe
 48699 | Zot:2    | Reached XP level 25. HP: 136/217 MP: 9/23
 48825 | Zot:2    | Identified the ring "Vasmojas" {rPois EV+5}
 48826 | Zot:2    | Identified the +5 war axe "Moipn" {heavy, Dex+3}
 48913 | Zot:2    | Found the +3 warlock's mirror {omnireflect}
 49202 | Zot:3    | Reached skill level 15 in Armour
 49301 | Zot:4    | Noticed a Killer Klown
 49351 | Zot:4    | Killed a Killer Klown
 49565 | Zot:5    | Entered Level 5 of the Realm of Zot
 50155 | Zot:5    | Noticed an ancient lich
 50160 | Zot:5    | Noticed an orb of fire
 50165 | Zot:5    | Noticed a Killer Klown
 50165 | Zot:5    | Noticed a Killer Klown
 50167 | Zot:5    | Noticed an ancient lich
 50172 | Zot:5    | Noticed an ancient lich
 50181 | Zot:5    | Killed an ancient lich
 50181 | Zot:5    | Killed an ancient lich
 50192 | Zot:5    | Killed an ancient lich
 50192 | Zot:5    | Noticed an orb of fire
 50192 | Zot:5    | Killed an ancient lich
 50194 | Zot:5    | Noticed an orb of fire
 50197 | Zot:5    | Killed a Killer Klown
 50206 | Zot:5    | Noticed an orb of fire
 50207 | Zot:5    | Noticed a Killer Klown
 50223 | Zot:5    | Killed an orb of fire
 50234 | Zot:5    | Noticed an ancient lich
 50237 | Zot:5    | Killed an orb of fire
 50249 | Zot:5    | Killed an ancient lich
 50277 | Zot:5    | Killed an orb of fire
 50427 | Zot:5    | Got the Orb of Zot
 50965 | D:5      | Reached XP level 26. HP: 219/224 MP: 23/23
 51027 | D:$      | Escaped with the Orb!

Illustrated notes

Levels and vault maps discovered:
D:1:      arrival_aquarium_b, layout_basic, serial_bayou_lake_a
D:2:      layout_basic, shapermc_ecumenical_altar_acropolis,
          kennysheep_generic_room_7
D:3:      layout_basic
D:4:      layout_loops_ring, minmay_overflow_temple_hex,
          pf_guarded_unrand_woodcutter, uniq_duvessa, uniq_grinder,
          uniq_eustachio
D:5:      layout_basic, led_xom_imps, lemuel_doored_altar, grunt_ministairs_7
D:6:      layout_rooms, nicolae_tso_besieged_by_evil, led_sif_pool,
          nicolae_take_the_stairs
D:7:      layout_loops_ring, fedhas_altar_decomposition,
          mainiacjoe_overflow_small_starburst, minmay_temple_entry_ruins
D:8:      layout_cave_pods, mainiacjoe_overflow_brackets, uniq_gastronok
D:9:      layout_grid_maze, uniq_erolcha
D:10:     gammafunk_cloud_chamber, layout_layer_cave, centaur_isle
D:11:     layout_stronghold, hellmonk_lair_entry_icy, serial_shops,
          nicolae_diamond_shop, shop, shop, nicolae_diamond_shop,
          ebering_ghost_reflecting_pool, uniq_urug
D:12:     layout_roguey, kennysheep_orc_monster_closet_entryway
D:13:     layout_small_grid, uniq_lodul
D:14:     kennysheep_green_arena, layout_loops_ring, erik_vaults_1,
          nicolae_figureground_pulse, nicolae_transporter_circle
D:15:     grunt_enter_depths_hoard, layout_stronghold, nicolae_water_bricks,
          serial_column_ruins, column_ruins_temple_circle, column_ruins_hut,
          column_ruins_open_tiny, column_ruins_open_large,
          column_ruins_open_medium, column_ruins_columns_straight,
          column_ruins_open_tiny, column_ruins_open_tiny,
          column_ruins_corridor_straight, hangedman_decor_clover_reticule
Temple:   hellmonk_temple_divided_pantheon
Lair:1:   regret_index_malice_mire, layout_regular_city, serial_bayou_shore_a
Lair:2:   layout_gridlike, grunt_megastairs_2, uniq_prince_ribbit2
Lair:3:   nzn_winding_woodlands_three_and_one
          [nzn_winding_woodlands_5x15_default,
          nzn_winding_woodlands_5x15_longhouse,
          nzn_winding_woodlands_5x15_zeroes,
          nzn_winding_woodlands_center_pierced_h], layout_misc_corridors,
          minmay_shoals_entry_beasts, spider_nest_entry_web_field, worms_lemuel,
          grunt_megastairs_5, uniq_kirke
Lair:4:   layout_loops_ring
Lair:5:   minmay_lair_end_frog_pond, layout_long_grid, slime_entry_1,
          portal_ice_cave_demonic_guard, dpeg_oklob_1
Shoals:1: layout_shoals, kb_tengu_band, uniq_donald
Shoals:2: layout_shoals, serial_shops, nicolae_shop_tiny_statue_garden,
          uniq_ilsuiw
Shoals:3: layout_shoals, nicolae_shoals_bring_sunscreen
Shoals:4: shoals_end_simple, layout_shoals, serial_shops, shop, shop, shop,
          shop, nicolae_shop_self_help, uniq_polyphemus
Spider:1: nicolae_spider_hilbert_zone_4 [nicolae_spider_hilbert_4_sides_2_open,
          nicolae_spider_hilbert_4_sides_1_open,
          nicolae_spider_hilbert_4_sides_1_open,
          nicolae_spider_hilbert_4_sides_1_open,
          nicolae_spider_hilbert_4_sides_1_open,
          nicolae_spider_hilbert_2_sides_1_open,
          nicolae_spider_hilbert_2_sides_1_open,
          nicolae_spider_hilbert_2_sides_1_open,
          nicolae_spider_hilbert_2_sides_1_open,
          nicolae_spider_hilbert_6_sides_1_open,
          nicolae_spider_hilbert_6_sides_1_open,
          nicolae_spider_hilbert_3_sides_1_open,
          nicolae_spider_hilbert_3_sides_1_open], nicolae_spider_wall_of_niches
Spider:2: layout_spider_delve, nicolae_spider_moth_buddies, uniq_arachne
Spider:3: layout_spider_delve, nicolae_spider_acid_house
Spider:4: grunt_spider_rune_island
Orc:1:    layout_caves, serial_shops, shop, guppyfry_orc_lava_fort,
          uniq_nergalle
Orc:2:    pubby_orc_utopia, serial_shops
Elf:1:    elf_arrival_001, layout_loops_corners, serial_co_window_serial,
          co_window_of_opportunity_a, co_window_paths_b, co_window_paths_b,
          co_window_of_opportunity_a, co_window_corner_a,
          co_window_unsneaky_path_b, co_window_paths_c,
          co_window_of_opportunity_b, co_window_corner_cb, co_window_corner_b,
          co_window_corner_cb, glass_columns_b, ebering_ghost_reflecting_pool,
          serial_shops, bzr_entry_customers, minmay_elf_necromancy, drop_trap
Elf:2:    elven_hall_of_blades_hangedman_original [nicolae_blade_bullseye],
          layout_onion_city
Elf:3:    grunt_elf_hall_asides, layout_loops_cross, uniq_louise
Vaults:1: infiniplex_enter_wizlab_water, nicolae_vaults_sightless_eye,
          hangedman_vaults_restitches, v_misc_19, hangedman_vaults_restitches,
          nicolae_vaults_library_corner, nicolae_vaults_closet_pinwheel_1,
          nicolae_vaults_asterisk, ontoclasm_vaults_chip,
          layout_vaults_omnigrid, serial_shops, nicolae_shop_window_shopping
Vaults:2: serial_library_hellmonk_big_corner, v_pattern_3, v_misc_29,
          grunt_vaults_diagonal, serial_ice_m,
          nicolae_vaults_network_quinsquares
          [nicolae_vaults_network_quincunx_subvault,
          nicolae_vaults_network_quincunx_subvault,
          nicolae_vaults_network_quincunx_subvault,
          nicolae_vaults_network_quincunx_subvault], nicolae_vaults_two_Ls,
          nicolae_vaults_oozy_zoo, nicolae_vaults_more_shelving_1,
          nicolae_vaults_sesquioval_fish, nicolae_vaults_little_squares_3,
          nicolae_vaults_lightning_bolt, nicolae_vaults_border_crossing,
          nicolae_vaults_trapezoid_lopsided_3, nicolae_vaults_diamond_1,
          ontoclasm_vaults_decontamination, nicolae_vaults_trapezoid_layered,
          layout_vaults_ring
Vaults:3: v_misc_19, hangedman_vaults_corner_blocks,
          nicolae_vaults_storage_closets_1, nicolae_vaults_asterisk,
          minmay_crypt_entry_simple_round, v_alt_pattern_1, v_misc_4,
          vaults_mumra_minichess_inversion, nicolae_vaults_corpse_flower,
          nicolae_vaults_mini_display_case, nicolae_vaults_variable_pillar_hall,
          nicolae_vaults_more_shelving_2, ontoclasm_vaults_misaligned,
          layout_vaults_omnibox, uniq_saint_roka, uniq_xtahua, uniq_zenata
Vaults:4: v_misc_18, dpeg_vaults_pockets_of_resistance,
          nicolae_vaults_angled_halls, ontoclasm_vaults_twist,
          nicolae_vaults_circle_grid_a, nicolae_vaults_turnstiles,
          nicolae_vaults_sesquioval_fish, nicolae_vaults_trapezoid_lopsided_1,
          vaults_dpeg_encased_lava, vaults_dpeg_ring,
          layout_vaults_chaotic_city, serial_shops, freezing_bzr
Vaults:5
Depths:1: layout_long_grid, hellmouth_1, grunt_decor_arrowhead,
          minmay_crystal_box
Depths:2: wad_pebble_path, layout_basic, enter_ziggurat_a, pan_entry,
          hangedman_abyss_or_decor_stagger, grunt_hell_entry_demonic_statue,
          serial_shops, shop
Depths:3: minmay_cut_squares, layout_small_grid,
          nicolae_abyss_entry_one_way_or_another, minmay_misc_feat_tiny,
          special_room [special_room_jelly], hangedman_geh_valley,
          kennysheep_island_fort, uniq_sojobo, uniq_vv
Depths:4: grunt_runaround [grunt_runaround_doors_1, grunt_runaround_doors_2,
          grunt_runaround_doors_3, grunt_runaround_doors_4,
          grunt_runaround_zot], hell_entry
Zot:1:    kennysheep_oblong_rooms, layout_gridlike
Zot:2:    hangedman_zot_vaults_quadrants, layout_onion_interference, uniq_grunn
Zot:3:    layout_concentric_octagons
Zot:4:    layout_misc_corridors, st_stairs_7
Zot:5:    layout_basic, regret_index_zotdec_zees

Skill      XL: |  1  2  3  4  5  6  7  8  9 10 11 12 13 14 15 16 17 18 19 20 21 22 23 24 25 |
---------------+----------------------------------------------------------------------------+-----
Polearms       | 3 4 5 6 8 9 12 14 17 19 21 23 25 26 | 26.2
Fighting       | 4 5 6 7 9 11 12 13 15 16 18 21 22 | 22.0
Dodging        | 9 17 | 17.2
Shields        | 12 16 19 22 25 | 25.6
Armour         | 10 14 17 | 17.4

Action                     |  1- 3 |  4- 6 |  7- 9 | 10-12 | 13-15 | 16-18 | 19-21 | 22-24 | 25-27 || total
---------------------------+-------+-------+-------+-------+-------+-------+-------+-------+-------++-------
  Melee: Trident           |   138 |   164 |   237 |   495 |       |       |       |       |       ||  1034
         Lochaber axe      |       |       |       |    16 |   562 |       |       |       |       ||   578
         Tailslap          |       |       |       |       |     7 |    32 |       |       |       ||    39
         Demon trident     |       |       |       |       |    60 |  1320 |  1616 |  1721 |   448 ||  5165
         Unarmed           |       |       |       |       |       |       |       |    25 |       ||    25
  Throw: Dart              |       |       |     3 |     2 |       |       |       |       |       ||     5
         Javelin           |       |       |     1 |       |       |       |       |       |       ||     1
 Invoke: Call Merchant     |       |       |       |     1 |     2 |     1 |     2 |     1 |       ||     7
         Potion Petition   |       |       |       |       |       |       |     1 |       |       ||     1
         Bribe Branch      |       |       |       |       |       |       |       |       |     2 ||     2
  Evoke: Wand              |       |       |     4 |     3 |     5 |    10 |       |     3 |     8 ||    33
         Lightning rod     |       |       |       |       |       |    10 |     3 |    10 |       ||    23
         Condenser vane    |       |       |       |       |       |     1 |     1 |     2 |       ||     4
         Phantom mirror    |       |       |       |       |       |       |       |     2 |       ||     2
    Use: Scroll            |       |    12 |     3 |    14 |    16 |    19 |     7 |    21 |     4 ||    96
         Potion            |       |       |     1 |     4 |       |     7 |     6 |    15 |     4 ||    37
   Stab: Distracted        |       |       |       |     5 |     4 |    16 |    14 |    11 |     7 ||    57
         Invisible         |       |       |       |       |       |     1 |       |       |    10 ||    11
         Petrified         |       |       |       |       |       |     1 |       |       |       ||     1
         Confused          |       |       |       |       |       |       |     1 |     1 |       ||     2
 Armour: Scale mail        |    68 |    81 |   101 |   286 |   316 |   281 |       |       |       ||  1133
         Crystal plate arm |       |       |       |       |    53 |   221 |   408 |   705 |   210 ||  1597
         Skin              |       |       |       |       |       |       |    95 |     4 |       ||    99
  Dodge: Dodged            |    60 |    48 |    42 |   126 |   140 |   360 |   253 |   380 |   123 ||  1532
         Repelled          |       |       |       |       |       |       |    10 |       |       ||    10
  Block: Buckler           |    27 |    34 |    24 |    98 |       |       |       |       |       ||   183
         Other             |       |       |       |     3 |    60 |       |       |     1 |       ||    64
         Reflection        |       |       |       |       |    10 |    36 |   143 |    58 |       ||   247
         Kite shield       |       |       |       |       |    24 |   751 |   925 |  1337 |   305 ||  3342

Table legend: (Time is in decaauts)
 A = Elapsed time spent in this place.
 B = Non-inter-level travel time spent in this place.
 C = Inter-level travel time spent in this place.
 D = Time resting spent in this place.
 E = Time spent auto-exploring this place.
 F = Levels seen in this place.
 G = Mean time per level.
                   A        B        C        D        E       F      G
               +--------+--------+--------+--------+--------+-----+--------+
         Total |  48201 |  44354 |   3847 |   3547 |  31480 |  56 |  860.7 |
       Dungeon |  16492 |  15238 |   1254 |   1440 |  11410 |  15 | 1099.5 |
        Temple |     36 |      4 |     32 |      0 |      0 |   1 |   36.0 |
          Lair |   5228 |   4788 |    440 |     22 |   3985 |   5 | 1045.6 |
        Shoals |   4063 |   3799 |    264 |    399 |   2681 |   4 | 1015.8 |
   Spider Nest |   5891 |   5765 |    126 |    761 |   4018 |   4 | 1472.8 |
  Orcish Mines |   1998 |   1864 |    134 |      0 |   1314 |   2 |  999.0 |
   Elven Halls |   2048 |   1848 |    200 |      2 |   1404 |   3 |  682.7 |
        Vaults |   6942 |   6018 |    924 |    608 |   3517 |   5 | 1388.4 |
        Depths |   1615 |   1447 |    168 |      0 |    937 |   4 |  403.8 |
           Zot |   2866 |   2565 |    301 |    243 |   1559 |   5 |  573.2 |
      Ziggurat |    254 |    254 |      0 |     71 |     86 |   5 |   50.8 |
        Bazaar |    190 |    190 |      0 |      0 |    151 |   2 |   95.0 |
        Wizlab |    571 |    571 |      0 |      0 |    416 |   1 |  571.0 |
               +--------+--------+--------+--------+--------+-----+--------+

Top non-repeatable levels by time:
Spider:1: 2403 daAuts
    D:10: 1843 daAuts
Shoals:4: 1821 daAuts
    D:12: 1684 daAuts
Vaults:4: 1498 daAuts
  Lair:3: 1466 daAuts
Vaults:5: 1447 daAuts
   Orc:2: 1444 daAuts
  Lair:1: 1432 daAuts
Vaults:2: 1395 daAuts
    D:14: 1394 daAuts
    D:13: 1388 daAuts
Vaults:1: 1374 daAuts
Spider:2: 1307 daAuts
     D:9: 1245 daAuts
